 Dungeon Crawl Stone Soup version 0.31-a0-640-g39d97e502b (webtiles) character file.

Game seed: 14766463763876155100

72 qw the Shooter (level 4, -9/28 HPs)
             Began as a Gargoyle Hunter on Aug 27, 2023.
             Killed by divine providence
             ... invoked by an orc priest
              (12 damage)
             ... on level 3 of the Dungeon.
             The game lasted 00:00:47 (1698 turns).

qw the Shooter (Gargoyle Hunter)                    Turns: 1698, Time: 00:00:47

Health: -9/28      AC: 10    Str: 14    XL:     4   Next: 25%
Magic:  4/4        EV: 10    Int: 10    God:
Gold:   96         SH:  0    Dex: 15    Spells: 3/3 levels left

rFire   . . .        Y - +0 shortbow
rCold   . . .        (shield currently unavailable)
rNeg    + . .        g - +0 ring mail
rPois   inf          f - +0 helmet
rElec   +            (no cloak)
rCorr   .            (no gloves)
SInv    .            h - +0 pair of boots
Will    +....        (no amulet)
Stlth   +            j - ring of willpower
HPRegen 0.24/turn    (no ring)
MPRegen 0.09/turn

%: no passive effects
@: no status effects
A: sickness immunity, AC +3, negative energy resistance 1, electricity
resistance, torment resistance 1, petrification resistance
a: no special abilities


You were on level 3 of the Dungeon.
You visited 1 branch of the dungeon, and saw 3 of its levels.

You collected 96 gold pieces.


Innate Abilities, Weirdness & Mutations

You are immune to sickness and miasma.
Your stone body is resilient. (AC +3)
You are immune to poison.
You resist negative energy. (rN+)
You are resistant to electric shocks. (rElec)
You are resistant to unholy torment.
You are immune to petrification.


   Skills:
 - Level 3.0 Fighting
 + Level 5.1 Ranged Weapons
 - Level 1.2 Armour
 - Level 1.5 Dodging
 - Level 1.1 Stealth


You had 3 spell levels left.
You didn't know any spells.
Your spell library was empty.

Inventory:

Hand Weapons
 Y - a +0 shortbow (weapon)
Armour
 f - a +0 helmet (worn)
 g - a +0 ring mail (worn)
 h - a +0 pair of boots (worn)
Jewellery
 j - a ring of willpower (left hand)
Scrolls
 k - a scroll of identify
Potions
 d - a potion of curing
 e - a potion of invisibility {unknown}
 i - a potion of degeneration {unknown}

Dungeon Overview and Level Annotations

Branches:
Dungeon (3/15)

Altars:


Message History

The goblin misses you.
The orc priest looks encouraged for a moment.
The goblin barely misses you.
You shoot an arrow. The arrow barely misses the goblin.
The arrow hits the orc.
You kill the orc!
The goblin barely misses you.
You shoot an arrow. The arrow hits the goblin.
You kill the goblin!
You shoot an arrow.
The arrow hits the orc priest but does no damage.
The orc priest hits you with a +0 dagger.
You shoot an arrow.
The arrow closely misses the orc priest.
The arrow hits the endoplasm.
The endoplasm is lightly wounded.
The orc priest hits you with a +0 dagger.
The endoplasm jiggles.
The orc priest hits you with a +0 dagger.
You shoot an arrow.
The arrow closely misses the orc priest.
The arrow hits the endoplasm.
The endoplasm is almost dead.
The orc priest hits you but does no damage.
You shoot an arrow. The arrow barely misses the orc priest.
The arrow barely misses the endoplasm.
The orc priest mumbles some strange prayers to Beogh against you.
Beogh smites you!
You shoot an arrow. The arrow hits the orc priest.
The orc priest is moderately wounded.
The orc priest looks satisfied for a moment.
You shoot an arrow. The arrow hits the orc priest.
The orc priest is heavily wounded.
The orc priest hits you with a +0 dagger.
The orc priest hits you but does no damage.
You shoot an arrow.
The arrow hits the orc priest but does no damage.
The orc priest is heavily wounded.
The orc priest invokes the aid of Beogh against you.
Beogh smites you!
You die...

#..# #..# ...#
#..# ...#
#..##.#.w
#J.)..Jo. #o# #@#
#.# #.# #.# ####.#
.. #....######.
.......#.........
.....##.#.####....
........#.# ##


You could see an orc priest and an endoplasm.

Vanquished Creatures
  An adder (D:2)
  A dart slug (D:1)
  3 orcs (D:3)
  3 endoplasms (D:2)
  2 goblins
  5 hobgoblins
  9 jackals (D:1)
  7 kobolds
  5 quokkas
  2 ball pythons
  6 bats
  3 frilled lizards
  5 rats
52 creatures vanquished.

Notes
Turn   | Place    | Note
-------+----------+-------------------------------------------
     0 | D:1      | qw the Gargoyle Hunter began the quest for the Orb.
     0 | D:1      | Reached XP level 1. HP: 12/12 MP: 1/1
     0 | D:1      | 0 ||| qw: Version: 0.3-a-74-g0d5e918
     0 | D:1      | 0 ||| qw: Game counter: 26
     0 | D:1      | 0 ||| qw: Melee chars always use a shield: true
     0 | D:1      | 0 ||| qw: God list: Okawaru
     0 | D:1      | 0 ||| qw: Allow faded altars: false
     0 | D:1      | 0 ||| qw: Do Orc after clearing Dungeon:15 true
     0 | D:1      | 0 ||| qw: Do second Lair branch before Depths: true
     0 | D:1      | 0 ||| qw: Lair rune preference: random
     0 | D:1      | 0 ||| qw: Goals: Normal
     0 | D:1      | 0 ||| PLANNING D:1-11
    82 | D:1      | Reached XP level 2. HP: 17/17 MP: 2/2
   470 | D:1      | Reached XP level 3. HP: 21/21 MP: 3/3
   482 | D:1      | Reached skill level 5 in Ranged Weapons
   909 | D:1      | 909 ||| UPGRADING to +0 helmet.
   914 | D:1      | 914 ||| UPGRADING to +0 ring mail.
   924 | D:1      | 924 ||| DROPPING +0 leather armour.
   925 | D:1      | 925 ||| DROPPING scroll of butterflies.
   951 | D:2      | 951 ||| STAIRDANCE
   990 | D:2      | Found a faded altar of an unknown god.
  1012 | D:2      | HP: 4/22 [adder (2)]
  1015 | D:2      | HP: 1/22 [hobgoblin (4)]
  1018 | D:2      | Reached skill level 1 in Armour
  1219 | D:2      | Reached XP level 4. HP: 27/27 MP: 4/4
  1326 | D:2      | Reached skill level 3 in Fighting
  1625 | D:2      | 1625 ||| UPGRADING to +0 pair of boots.
  1630 | D:2      | 1630 ||| UPGRADING to ring of willpower.
  1631 | D:2      | 1631 ||| READING scroll labelled MAUKIK LUYR.
  1632 | D:2      | 1632 ||| READING scroll labelled JEDACW SOSOZ.
  1633 | D:2      | 1633 ||| READING 2 scrolls labelled JEEBEA XUNA.
  1634 | D:2      | 1634 ||| DRINKING 2 green potions.
  1684 | D:3      | 1684 ||| Stepping ~*~*~tactically~*~*~ (retreating).
  1695 | D:3      | HP: 5/28 [orc priest/divine providence (13)]
  1697 | D:3      | HP: 2/28 [orc priest/+0 dagger (3)]
  1698 | D:3      | Killed from afar by an orc priest

Levels and vault maps discovered:
D:1:      psy_arrival_whirlpool, layout_loops_corners, amethyst_killhole,
          minmay_domino_2
D:2:      layout_basic, basic_ecumenical_altar, corner_web_ring,
          kennysheep_generic_room_12
D:3:      layout_basic, minmay_misc_feat_five,
          nicolae_concentric_dashed_squares_wild, uniq_ijyb, uniq_robin

Skill      XL: |  1  2  3  4 |
---------------+-------------+-----
Ranged Weapons | 5 |  5.1
Armour         | 1 |  1.2
Fighting       | 3 |  3.0
Dodging        | |  1.5
Stealth        | |  1.1

Action                     |  1- 3 |  4- 6 || total
---------------------------+-------+-------++-------
   Fire: Shortbow          |   167 |    46 ||   213
    Use: Scroll            |       |     3 ||     3
         Potion            |       |     1 ||     1
 Armour: Leather armour    |    26 |       ||    26
         Ring mail         |    27 |    12 ||    39
  Dodge: Dodged            |    99 |    15 ||   114

Table legend:
 A = Non-vault XP
 B = Vault XP
 C = Vault XP percentage of total XP
 D = Non-vault monster count
 E = Vault monster count
 F = Vault count percentage of total count
                 A         B        C        D         E       F
            +---------+---------+-------+---------+---------+-------
      Total |     100 |       3 |   2.9 |      50 |       2 |   3.8
            +---------+---------+-------+---------+---------+-------
        D:1 |      50 |       1 |   2.0 |      29 |       1 |   3.3
        D:2 |      39 |       2 |   4.9 |      17 |       1 |   5.6
        D:3 |      11 |       0 |   0.0 |       4 |       0 |   0.0
            +---------+---------+-------+---------+---------+-------
